 Dungeon Crawl Stone Soup version 0.26-a0-642-g67e99244d3 (webtiles) character file.

Game seed: 2985720988187799266

4678 Gargoyl the Fighter (level 10, -2/82 HPs)
             Began as a Gnoll Abyssal Knight on Sept 21, 2020.
             Was an Elder of Lugonu.
             Slain by a troll (10 damage)
             ... on level 8 of the Dungeon.
             The game lasted 00:15:26 (8021 turns).

Gargoyl the Fighter (Gnoll Abyssal Knight)          Turns: 8021, Time: 00:15:27

Health: -2/82      AC: 17    Str: 23    XL:     10   Next: 44%
Magic:  17/17      EV: 12    Int: 15    God:    Lugonu [****..]
Gold:   1008       SH:  0    Dex: 20    Spells: 19/19 levels left

rFire    . . .     SeeInvis .   x - +3 hand axe "Sasisahi" {flame, rElec Str+5 Dex+4}
rCold    + . .     Faith    .   (no shield)
rNeg     . . .     Spirit   .   c - +2 chain mail
rPois    +         Reflect  .   (no helmet)
rElec    +         Harm     .   y - +0 cloak
rCorr    .         Rampage  .   (no gloves)
MR       .....                  t - +2 pair of boots
Stlth    ..........             d - amulet "Cakhiraf" {Acrobat rPois Dex+2}
HPRegen  0.23/turn              o - ring of protection from cold
MPRegen  0.15/turn              (no ring)

@: no status effects
A: distributed training, fangs 1, strong nose
a: Depart the Abyss, Bend Space, Banish, Corrupt, Renounce Religion


You were on level 8 of the Dungeon.
You worshipped Lugonu.
Lugonu was greatly pleased with you.
You visited 1 branch of the dungeon, and saw 9 of its levels.
You visited the Abyss 1 time.

You collected 1008 gold pieces.

Inventory:

Hand Weapons
 a - a +3 hand axe
 v - a +0 demon trident
 x - the +3 hand axe "Sasisahi" (weapon) {flame, rElec Str+5 Dex+4}
   (You found it on level 6 of the Dungeon)

   It has been specially enchanted to burn those struck by it, causing extra
   injury to most foes and up to half again as much damage against particularly
   susceptible opponents.
   Big, fiery blades are also staple armaments of hydra-hunters.
   It affects your strength (+5).
   It affects your dexterity (+4).
   It insulates you from electricity.
Missiles
 g - 29 poisoned darts (quivered)
 k - 4 boomerangs
Armour
 c - a +2 chain mail (worn)
 t - a +2 pair of boots (worn)
 y - a +0 cloak (worn)
 A - a +1 cloak
Jewellery
 d - the amulet "Cakhiraf" (around neck) {Acrobat rPois Dex+2}
   (You acquired it on level 6 of the Dungeon)

   [amulet of the acrobat]

   It helps you evade while moving and waiting.
   It affects your dexterity (+2).
   It protects you from poison.
 e - an uncursed amulet of regeneration
 o - a ring of protection from cold (left hand)
Wands
 w - a wand of digging (5)
 z - a wand of flame (24)
Scrolls
 f - 2 scrolls of remove curse
 j - a scroll of fear
 l - 3 scrolls of teleportation
 m - a scroll of magic mapping
 n - a scroll of identify
 q - a scroll of fog
Potions
 b - a potion of magic
 h - a potion of lignification
 i - a potion of might
 p - 2 potions of heal wounds
 r - 2 potions of curing
 s - 2 potions of haste
 u - a potion of flight {unknown}


   Skills:
 + Level 8.5 Fighting
 + Level 5.3 Short Blades
 + Level 5.3 Long Blades
 + Level 7.1 Axes
 + Level 5.3 Maces & Flails
 + Level 5.3 Polearms
 + Level 5.3 Staves
 + Level 5.3 Slings
 + Level 5.3 Bows
 + Level 5.3 Crossbows
 + Level 5.3 Throwing
 + Level 7.1 Armour
 + Level 5.9 Dodging
 + Level 5.3 Stealth
 + Level 5.3 Shields
 + Level 5.3 Unarmed Combat
 + Level 5.3 Spellcasting
 + Level 4.3 Conjurations
 + Level 4.3 Hexes
 + Level 4.3 Summonings
 + Level 4.3 Necromancy
 + Level 4.3 Translocations
 + Level 4.3 Transmutations
 + Level 4.3 Fire Magic
 + Level 4.3 Ice Magic
 + Level 4.3 Air Magic
 + Level 4.3 Earth Magic
 + Level 4.3 Poison Magic
 + Level 7.5 Invocations
 + Level 5.3 Evocations


You had 19 spell levels left.
You didn't know any spells.
Your spell library contained the following spells:

 Spells                   Type           Power        Failure   Level
 Animate Skeleton         Necr           ###...       17%         1
 Apportation              Tloc           ###...       17%         1
 Corona                   Hex            ###....      17%         1
 Magic Dart               Conj           ###.         17%         1
 Summon Small Mammal      Summ           ###.         17%         1
 Blink                    Tloc           N/A          26%         2
 Call Imp                 Summ           ###.....     26%         2
 Slow                     Hex            ###.....     26%         2
 Call Canine Familiar     Summ           ###.....     45%         3
 Conjure Flame            Conj/Fire      ###.....     45%         3
 Mephitic Cloud           Conj/Pois/Air  ###.....     45%         3
 Summon Guardian Golem    Hex/Summ       ###.....     45%         3
 Summon Ice Beast         Ice/Summ       ###.....     86%         4
 Summon Lightning Spire   Summ/Air       ###.....     86%         4


Dungeon Overview and Level Annotations

Branches:
Dungeon (9/15)             Temple (0/1) D:7
   Lair: D:8-11         Orc: D:9-12

Altars:
Makhleb
Sif Muna
Trog
Yredelemnul
Zin

Annotations:
D:3 Burgietje's ghost, amateur GrFi
D:6 corrupted


Innate Abilities, Weirdness & Mutations

Your experience applies equally to all skills.
You have very sharp teeth.
Your uncanny sense of smell can sniff out nearby items.


Message History

The troll bites you! The troll claws you but does no damage.
The troll misses you.
Unknown command.
You hit the troll. You burn the troll.
The troll is moderately wounded.
You hit the yak. You burn the yak. You hit the gnoll. You burn the gnoll.
You hit the gnoll. You burn the gnoll. You completely miss the yak.
The gnoll hits you with a +0 whip.
* * * LOW HITPOINT WARNING * * *
The yak gores you!
* * * LOW HITPOINT WARNING * * *
The gnoll hits you with a +0 flail.
* * * LOW HITPOINT WARNING * * *
The yak closely misses you.
You closely miss the troll. You bite the troll.
The troll is moderately wounded.
You hit the yak. You burn the yak. You closely miss the gnoll.
You barely miss the gnoll. You hit the yak but do no damage.
The troll barely misses you. The troll claws you!
You die...

#......>#.########
######...........##
##.............##
#...............#
#...............#
#...............#
#...............#
#.......†Yg.....#
#.......T@g.)...#
##......Y.<....##
##.....#.....##
#############


You could see 2 yaks, a troll and 2 gnolls.

Vanquished Creatures
  Maurice (D:8)
  A troll (D:9)
  Grinder (D:5)
  Sigmund (D:5)
  Eustachio (D:5)
  3 yaks
  A water moccasin (D:9)
  An ice beast (D:9)
  4 sky beasts
  3 ogres
  4 phantoms
  A centaur (D:7)
  5 bullfrogs
  A big kobold (D:8)
  A scorpion (D:5)
  A water moccasin skeleton (D:6)
  4 howler monkeys
  A centaur zombie (D:6)
  2 bullfrog zombies
  2 orc priests (D:5)
  A gnoll shaman (D:7)
  4 hounds
  3 jellies
  9 orc wizards
  4 iguanas
  5 worker ants
  A hound zombie (D:7)
  3 worker ant zombies
  11 gnolls
  A howler monkey skeleton (D:6)
  13 adders
  3 white imps
  A worker ant simulacrum (D:3)
  An ufetubus (D:6)
  An ooze (D:7)
  3 adder skeletons
  2 worms (D:2)
  2 dart slugs (D:2)
  2 leopard geckos
  32 orcs
  10 giant cockroaches
  4 goblins
  8 hobgoblins
  17 jackals
  7 quokkas
  8 bats
  4 frilled lizards
  18 kobolds
  2 leopard gecko simulacra (D:3)
  A leopard gecko skeleton (D:6)
  A quokka skeleton (D:7)
  6 rats
227 creatures vanquished.

Vanquished Creatures (others)
  A killer bee zombie (D:6)
  7 withered plants (D:6)
8 creatures vanquished.

Grand Total: 235 creatures vanquished

Notes
Turn   | Place    | Note
-------+----------+-------------------------------------------
     0 | Abyss:1  | Gargoyl the Gnoll Abyssal Knight began the quest for the
                  | Orb.
     0 | Abyss:1  | Reached XP level 1. HP: 23/23 MP: 3/3
    40 | Abyss:1  | Noticed a small abomination
    43 | Abyss:1  | Noticed a large abomination
    49 | Abyss:1  | Noticed a wraith
    60 | Abyss:1  | Noticed a flying skull
    62 | Abyss:1  | Noticed a ynoxinul
    65 | D:1      | Escaped the Abyss
   445 | D:1      | Reached XP level 2. HP: 29/29 MP: 5/5
   577 | D:1      | Reached * piety under Lugonu
   749 | D:1      | Reached XP level 3. HP: 30/35 MP: 6/6
  1221 | D:2      | Reached skill level 1 in Short Blades
  1221 | D:2      | Reached skill level 1 in Long Blades
  1221 | D:2      | Reached skill level 1 in Maces & Flails
  1221 | D:2      | Reached skill level 1 in Polearms
  1221 | D:2      | Reached skill level 1 in Staves
  1221 | D:2      | Reached skill level 1 in Slings
  1221 | D:2      | Reached skill level 1 in Bows
  1221 | D:2      | Reached skill level 1 in Crossbows
  1221 | D:2      | Reached skill level 1 in Throwing
  1221 | D:2      | Reached skill level 1 in Stealth
  1221 | D:2      | Reached skill level 1 in Shields
  1221 | D:2      | Reached skill level 1 in Unarmed Combat
  1221 | D:2      | Reached skill level 1 in Spellcasting
  1221 | D:2      | Reached skill level 1 in Evocations
  1270 | D:2      | Found a basalt altar of Yredelemnul.
  1354 | D:2      | Reached ** piety under Lugonu
  1453 | D:2      | Reached XP level 4. HP: 41/41 MP: 7/7
  1701 | D:3      | Found a burning altar of Makhleb.
  1955 | D:2      | Reached skill level 1 in Conjurations
  1955 | D:2      | Reached skill level 1 in Hexes
  1955 | D:2      | Reached skill level 1 in Summonings
  1955 | D:2      | Reached skill level 1 in Necromancy
  1955 | D:2      | Reached skill level 1 in Translocations
  1955 | D:2      | Reached skill level 1 in Transmutations
  1955 | D:2      | Reached skill level 1 in Fire Magic
  1955 | D:2      | Reached skill level 1 in Ice Magic
  1955 | D:2      | Reached skill level 1 in Air Magic
  1955 | D:2      | Reached skill level 1 in Earth Magic
  1955 | D:2      | Reached skill level 1 in Poison Magic
  2296 | D:3      | Noticed Burgietje's ghost (amateur GrFi)
  2349 | D:3      | Reached XP level 5. HP: 47/47 MP: 8/8
  2403 | D:3      | Found a runed translucent gate.
  2403 | D:3      | Found a runed translucent gate.
  2429 | D:3      | Found a runed translucent gate.
  2857 | D:4      | Noticed a phantom
  2919 | D:4      | Killed a phantom
  2919 | D:4      | Reached *** piety under Lugonu
  2919 | D:4      | Reached skill level 5 in Invocations
  2919 | D:4      | Reached XP level 6. HP: 14/53 MP: 9/9
  2994 | D:4      | Found a shimmering blue altar of Sif Muna.
  2996 | D:4      | Found a glowing silver altar of Zin.
  2999 | D:4      | Found a bloodstained altar of Trog.
  3026 | D:4      | Reached skill level 5 in Axes
  3026 | D:4      | Reached skill level 5 in Armour
  3505 | D:5      | Entered Level 5 of the Dungeon
  3644 | D:5      | Reached XP level 7. HP: 55/59 MP: 10/10
  3655 | D:5      | Reached skill level 7 in Fighting
  3917 | D:5      | Noticed Eustachio
  3988 | D:5      | Killed Eustachio
  3988 | D:5      | Reached XP level 8. HP: 23/67 MP: 12/12
  4003 | D:5      | HP: 3/67 [poisoned by Eustachio]
  4008 | D:5      | HP: 1/67 [poisoned by Eustachio]
  4014 | D:5      | HP: 2/67 [poisoned by Eustachio]
  4527 | D:5      | Noticed Sigmund
  4542 | D:5      | Killed Sigmund
  4854 | D:5      | Noticed Grinder
  4890 | D:5      | Killed Grinder
  4928 | D:5      | Reached XP level 9. HP: 55/72 MP: 14/14
  5205 | D:6      | Identified a scroll of acquirement
  5205 | D:6      | Acquired the amulet "Cakhiraf" {Acrobat rPois Dex+2}
  5277 | D:6      | Reached **** piety under Lugonu
  5775 | D:6      | Corrupted D:6
  5775 | D:6      | Noticed a large abomination
  5775 | D:6      | Noticed a bone dragon
  5775 | D:6      | Noticed a worldbinder
  5775 | D:6      | Noticed a smoke demon
  5775 | D:6      | Noticed a starcursed mass
  5775 | D:6      | Noticed a glowing orange brain
  5775 | D:6      | Noticed a worldbinder
  5775 | D:6      | Noticed a tentacled starspawn
  5775 | D:6      | Noticed a great orb of eyes
  5775 | D:6      | Noticed an apocalypse crab
  5775 | D:6      | Noticed a tentacled starspawn
  5776 | D:6      | Noticed a tentacled starspawn
  5777 | D:6      | Noticed a sixfirhy
  5969 | D:6      | Got a translucent hand axe
  5970 | D:6      | Identified the cursed +3 hand axe "Sasisahi" {flame, rElec
                  | Str+5 Dex+4} (You found it on level 6 of the Dungeon)
  6003 | D:6      | Reached skill level 5 in Dodging
  6425 | D:7      | Reached skill level 8 in Fighting
  6776 | D:7      | Found a staircase to the Ecumenical Temple.
  6923 | D:8      | Noticed Maurice
  6936 | D:8      | Killed Maurice
  7121 | D:8      | Reached XP level 10. HP: 71/80 MP: 17/17
  7428 | D:9      | Reached skill level 5 in Short Blades
  7428 | D:9      | Reached skill level 5 in Long Blades
  7428 | D:9      | Reached skill level 5 in Maces & Flails
  7428 | D:9      | Reached skill level 5 in Polearms
  7428 | D:9      | Reached skill level 5 in Staves
  7428 | D:9      | Reached skill level 5 in Slings
  7428 | D:9      | Reached skill level 5 in Bows
  7428 | D:9      | Reached skill level 5 in Crossbows
  7428 | D:9      | Reached skill level 5 in Throwing
  7428 | D:9      | Reached skill level 5 in Stealth
  7428 | D:9      | Reached skill level 5 in Shields
  7428 | D:9      | Reached skill level 5 in Unarmed Combat
  7428 | D:9      | Reached skill level 5 in Spellcasting
  7428 | D:9      | Reached skill level 5 in Evocations
  8021 | D:8      | Slain by a troll

Illustrated notes

Levels and vault maps discovered:
D:1:      lightli_arrival_flooded_house, layout_loops_ring
D:2:      minmay_angry_zag, layout_loops_ring, lemuel_crystal_altar
D:3:      layout_basic, lemuel_doored_altar, gammafunk_ghost_icy, hex_medium,
          minmay_circle_x
D:4:      layout_basic, grunt_temple_overflow_open
D:5:      minmay_polygon_palace, layout_basic, uniq_grinder, uniq_eustachio,
          uniq_sigmund
D:6:      layout_rooms, serial_undead, serial_undead_b, serial_undead_e,
          serial_undead_b, serial_undead_f, serial_undead_e, serial_undead_f,
          due_unseen_surprise
D:7:      layout_rooms, minmay_temple_entry_drinking_statues,
          kennysheep_generic_room_12
D:8:      layout_rooms, uniq_maurice
D:9:      layout_cave_pools, nicolae_overflow_hidden_temple

Skill      XL: |  1  2  3  4  5  6  7  8  9 10 |
---------------+-------------------------------+-----
Short Blades   | 1 2 3 4 5 |  5.3
Long Blades    | 1 2 3 4 5 |  5.3
Maces & Flails | 1 2 3 4 5 |  5.3
Polearms       | 1 2 3 4 5 |  5.3
Staves         | 1 2 3 4 5 |  5.3
Slings         | 1 2 3 4 5 |  5.3
Bows           | 1 2 3 4 5 |  5.3
Crossbows      | 1 2 3 4 5 |  5.3
Throwing       | 1 2 3 4 5 |  5.3
Stealth        | 1 2 3 4 5 |  5.3
Shields        | 1 2 3 4 5 |  5.3
Unarmed Combat | 1 2 3 4 5 |  5.3
Spellcasting   | 1 2 3 4 5 |  5.3
Evocations     | 1 2 3 4 5 |  5.3
Conjurations   | 1 2 3 4 |  4.3
Hexes          | 1 2 3 4 |  4.3
Summonings     | 1 2 3 4 |  4.3
Necromancy     | 1 2 3 4 |  4.3
Translocations | 1 2 3 4 |  4.3
Transmutations | 1 2 3 4 |  4.3
Fire Magic     | 1 2 3 4 |  4.3
Ice Magic      | 1 2 3 4 |  4.3
Air Magic      | 1 2 3 4 |  4.3
Earth Magic    | 1 2 3 4 |  4.3
Poison Magic   | 1 2 3 4 |  4.3
Dodging        | 3 4 5 |  5.9
Invocations    | 5 6 7 |  7.5
Axes           | 5 6 7 |  7.1
Armour         | 5 6 7 |  7.1
Fighting       | 7 8 |  8.5

Action                   |  1- 3 |  4- 6 |  7- 9 | 10-12 || total
-------------------------+-------+-------+-------+-------++-------
Melee: Hand axe          |   114 |    24 |    89 |   115 ||   342
       Bite              |     6 |    27 |    55 |    14 ||   102
       Short sword       |       |   137 |       |       ||   137
       Punch             |       |     3 |     9 |     6 ||    18
       Dagger            |       |   106 |   385 |       ||   491
Throw: Dart              |     1 |     6 |     7 |     1 ||    15
Invok: Depart the Abyss  |     1 |       |       |       ||     1
       Bend Space        |       |       |     1 |       ||     1
       Corrupt           |       |       |     1 |       ||     1
  Use: Scroll            |     6 |     3 |    11 |     4 ||    24
       Potion            |       |     3 |     3 |       ||     6
Armor: Chain mail        |   119 |   198 |   251 |    68 ||   636
       Skin              |       |       |    24 |       ||    24
Dodge: Dodged            |    80 |   150 |   281 |   111 ||   622

Table legend: (Time is in decaauts)
 A = Elapsed time spent in this place.
 B = Non-inter-level travel time spent in this place.
 C = Inter-level travel time spent in this place.
 D = Time resting spent in this place.
 E = Time spent auto-exploring this place.
 F = Levels seen in this place.
 G = Mean time per level.
                   A        B        C        D        E       F      G
               +--------+--------+--------+--------+--------+-----+--------+
         Total |   7959 |   7765 |    194 |   1836 |   3625 |  10 |  795.9 |
       Dungeon |   7892 |   7698 |    194 |   1836 |   3600 |   9 |  876.9 |
         Abyss |     66 |     66 |      0 |      0 |     25 |   1 |   66.0 |
               +--------+--------+--------+--------+--------+-----+--------+

Top non-repeatable levels by time:
     D:5: 1831 daAuts
     D:2: 997 daAuts
     D:1: 921 daAuts
     D:6: 880 daAuts
     D:3: 779 daAuts
     D:4: 748 daAuts
     D:7: 633 daAuts
     D:8: 575 daAuts
     D:9: 524 daAuts
 Abyss:1: 66 daAuts
